 Dungeon Crawl Stone Soup version 0.30-a0-840-ga523dec638 (webtiles) character file.

Game seed: 13610987282186182912

126 dracfodder the Digger (level 5, -4/28 HPs)
             Began as a Gargoyle Earth Elementalist on Mar 1, 2023.
             Killed by divine providence
             ... invoked by an orc priest
              (13 damage)
             ... on level 2 of the Dungeon.
             The game lasted 00:08:35 (1416 turns).

dracfodder the Digger (Gargoyle Earth Elementalist) Turns: 1416, Time: 00:08:36

Health: -4/28      AC:  8    Str: 18    XL:     5   Next: 9%
Magic:  10/10      EV: 12    Int: 20    God:
Gold:   72         SH:  0    Dex: 10    Spells: 5/11 levels left

rFire   . . .      SeeInvis .    a - +1 hand axe
rCold   . . .      Faith    .    (no shield)
rNeg    + . .      Spirit   .    c - +2 robe {Will+}
rPois   ∞          Reflect  .    h - +0 hat {Int+3}
rElec   +          Harm     .    (no cloak)
rCorr   .          Rampage  .    (no gloves)
Will    +....                    (no boots)
Stlth   ++                       (no amulet)
HPRegen 0.24/turn                m - +6 ring of strength
MPRegen 0.12/turn                (no ring)

@: no status effects
A: sickness immunity, AC +4, negative energy resistance 1, electricity
resistance, torment resistance 1, petrification resistance
a: no special abilities


You were on level 2 of the Dungeon.
You visited 1 branch of the dungeon, and saw 2 of its levels.

You collected 72 gold pieces.

Inventory:

Hand Weapons
 a - a +1 hand axe (weapon)
 b - a +0 sling
Armour
 c - a +2 robe of willpower (worn)
 h - a +0 hat of intelligence (worn)
Jewellery
 m - a +6 ring of strength (left hand)
Scrolls
 k - a scroll of teleportation {unknown}
 l - a scroll of blinking
Potions
 d - a potion of resistance
 f - a potion of cancellation
 g - a potion of berserk rage {unknown}
 i - 2 potions of curing {unknown}
 j - a potion of ambrosia {unknown}


   Skills:
 + Level 0.5 Fighting
 + Level 0.5 Axes
 + Level 0.3 Ranged Weapons
 + Level 1.6 Dodging
 + Level 2.3 Stealth
 + Level 3.5 Spellcasting
 + Level 0.8 Transmutations
 + Level 5.0 Earth Magic


You had 5 spell levels left.
You knew the following spells:

 Your Spells              Type           Power      Damage    Failure   Level
a - Sandblast             Erth           46%        2d11      1%          1
b - Passwall              Tmut/Erth      12%        N/A       6%          2
c - Stone Arrow           Conj/Erth      26%        3d8       14%         3

Your spell library contained the following spells:

 Spells                   Type           Power      Damage    Failure   Level
 Necrotise                Necr           12%        1d4       14%         1
 Vampiric Draining        Necr           3%         2d6       38%         3
 Petrify                  Tmut/Erth      15%        N/A       38%         4
 Agony                    Necr           3%         N/A       98%         5


Dungeon Overview and Level Annotations

Branches:
Dungeon (2/15)

Altars:

Shops:
D:1 !

Annotations:
D:2 Terence


Innate Abilities, Weirdness & Mutations

You are immune to sickness and miasma.
Your stone body is resilient. (AC +4)
You are immune to poison.
You resist negative energy. (rN+)
You are resistant to electric shocks. (rElec)
You are resistant to unholy torment.
You are immune to petrification.


Message History

Aiming: Sandblast (safe; 1% risk of failure)
Press: ? - help, Q - select action, (/) - cycle Shift-Dir - straight line, f/p - orc priest
Aim: an orc priest, wielding a +0 club and wearing a +0 leather armour (almost dead, 83% to hit)
The blast of sand hits the orc priest.
You kill the orc priest!
Your Earth Magic skill increases to level 5!
You have reached level 5!
There is an open door here.
Aiming: Sandblast (safe; 1% risk of failure)
Press: ? - help, Q - select action, (/) - cycle Shift-Dir - straight line, f - orc
Aim: an orc, wielding a +0 dagger and wearing a +0 scale mail (85% to hit)
The blast of sand hits the orc!
You kill the orc!
Aiming: Sandblast (safe; 1% risk of failure)
Press: ? - help, Q - select action, (/) - cycle Shift-Dir - straight line, f - Terence
Aim: Terence, wielding a +0 short sword and wearing a +0 chain mail (87% to hit)
The blast of sand hits Terence but does no damage.
The orc priest mumbles some strange prayers to Beogh against you.
Beogh smites you!
Aiming: Sandblast (safe; 1% risk of failure)
Press: ? - help, Q - select action, (/) - cycle Shift-Dir - straight line, f/p - Terence
Aim: Terence, wielding a +0 short sword and wearing a +0 chain mail (87% to hit)
The blast of sand hits Terence but does no damage.
Terence hits you but does no damage.
The orc priest calls down the wrath of Beogh upon you.
Beogh smites you!
* * * LOW HITPOINT WARNING * * *
Terence barely misses you.
Aiming: Sandblast (safe; 1% risk of failure)
Press: ? - help, Q - select action, (/) - cycle Shift-Dir - straight line, f/p - Terence
Aim: Terence, wielding a +0 short sword and wearing a +0 chain mail (87% to hit)
The blast of sand hits Terence.
Terence is lightly wounded.
Terence barely misses you. Magic courses through your body.
Terence says, "Don't bother to defend, it's pointless."
Terence closely misses you.
The orc priest calls down the wrath of Beogh upon you.
Beogh smites you!
You die...

# ..##### .. #.#....
############ . #.#.###
.####.......†..#
##.##.###....<#
.~~............#
#..##........##
~~o............####.#
########...
~≈~~......#######...# ####'##
~o≈≈.)....#######.#.# #......
~≈≈≈≈#....'o.oo@@...# #(....(
#≈≈≈≈#....###.####..#####
#...†..
##≈≈≈#....###........†..#
#......
##≈≈#..........##)####.#
#######
##≈#...............##.# #
≈≈#####.....#...#.##.#########
#.....#...#.##..........
#.......>...############
#.....####..#


You could see Terence, an orc priest and 2 orcs.

Vanquished Creatures
  An orc priest (D:2)
  Jessica (D:2)
  A gnoll (D:1)
  2 adders (D:2)
  2 dart slugs (D:2)
  An orc (D:2)
  2 bats
  6 endoplasms
  A giant cockroach (D:2)
  A goblin (D:2)
  3 hobgoblins (D:1)
  3 jackals (D:1)
  3 kobolds
  A quokka (D:1)
  3 ball pythons
  3 frilled lizards
  5 rats
39 creatures vanquished.

Notes
Turn   | Place    | Note
-------+----------+-------------------------------------------
     0 | D:1      | dracfodder the Gargoyle Earth Elementalist began the quest
                  | for the Orb.
     0 | D:1      | Reached XP level 1. HP: 10/10 MP: 3/3
   118 | D:1      | Reached skill level 4 in Earth Magic
   118 | D:1      | Reached XP level 2. HP: 15/15 MP: 3/5
   121 | D:1      | Learned a level 2 spell: Passwall
   443 | D:1      | Reached XP level 3. HP: 11/19 MP: 2/7
   481 | D:1      | Learned a level 3 spell: Stone Arrow
   636 | D:1      | Found Vuubaz's Distillery.
  1034 | D:2      | Noticed Jessica
  1038 | D:2      | Killed Jessica
  1039 | D:2      | Reached XP level 4. HP: 19/24 MP: 8/8
  1398 | D:2      | Noticed Terence
  1402 | D:2      | Reached skill level 5 in Earth Magic
  1402 | D:2      | Reached XP level 5. HP: 28/28 MP: 4/10
  1416 | D:2      | Killed from afar by an orc priest

Illustrated notes

Levels and vault maps discovered:
D:1:      nzn_arrival_depleted_hourglass, layout_rooms, serial_shops,
          nicolae_shop_stone, amcnicky_mini_pool_small
D:2:      layout_basic, serial_shops, shop, chequers_serial_rivers_large_a,
          uniq_jessica, uniq_terence

Skill      XL: |  1  2  3  4 |
---------------+-------------+-----
Earth Magic    | 4 5 |  5.0
Spellcasting   | 3 |  3.5
Fighting       | |  0.5
Axes           | |  0.5
Ranged Weapons | |  0.3
Dodging        | |  1.6
Stealth        | |  2.3
Transmutations | |  0.8

Action                     |  1- 3 |  4- 6 || total
---------------------------+-------+-------++-------
  Melee: Hand axe          |    14 |       ||    14
   Fire: Sling             |     7 |       ||     7
   Cast: Sandblast         |    31 |    20 ||    51
         Passwall          |     2 |       ||     2
         Stone Arrow       |       |     1 ||     1
    Use: Scroll            |     3 |     1 ||     4
         Potion            |       |     1 ||     1
 Armour: Robe              |    13 |     1 ||    14
  Dodge: Dodged            |    10 |     3 ||    13

Table legend: (Time is in decaauts)
 A = Elapsed time spent in this place.
 B = Non-inter-level travel time spent in this place.
 C = Inter-level travel time spent in this place.
 D = Time resting spent in this place.
 E = Time spent auto-exploring this place.
 F = Levels seen in this place.
 G = Mean time per level.
                   A        B        C        D        E       F      G
               +--------+--------+--------+--------+--------+-----+--------+
         Total |   1441 |   1408 |     33 |    205 |    884 |   2 |  720.5 |
       Dungeon |   1441 |   1408 |     33 |    205 |    884 |   2 |  720.5 |
               +--------+--------+--------+--------+--------+-----+--------+

Top non-repeatable levels by time:
     D:1: 969 daAuts
     D:2: 471 daAuts
